 Dungeon Sprint DCSS version 0.29.1-15-g9cfb28693d (webtiles) character file.

Game seed: 9996026334740877570

23382 Groucho the Peltast (level 13, -10/125 HPs)
             Began as a Formicid Fighter on Mar 18, 2023.
             Was the Champion of Cheibriados.
             Mangled by a stone giant (15 damage)
             ... in the Dungeon (Sprint IX: "|||||||||||||||||||||||||||||").
             The game lasted 00:08:58 (4700 turns).

Groucho the Peltast (Formicid Fighter)              Turns: 4700, Time: 00:08:59

Health: -10/125    AC: 24    Str: 38    XL:     13   Next: 34%
Magic:  20/25      EV: 20    Int: 22    God:    Cheibriados [******]
Gold:   1086       SH: 12    Dex: 35    Spells: 12/12 levels left

rFire   . . .      SeeInvis +   y - +1 demon whip (flame)
rCold   . . .      Faith    .   c - +0 buckler
rNeg    . . .      Spirit   .   A - +2 plate armour
rPois   .          Reflect  .   (helmet unavailable)
rElec   .          Harm     .   q - +0 cloak
rCorr   .          Rampage  .   a - +0 pair of gloves
Will    +....                   f - +0 pair of boots
Stlth   ..........              (no amulet)
HPRegen 0.30/turn               b - +2 ring of evasion
MPRegen 0.19/turn               k - +3 ring of dexterity

@: very slow
A: permanent stasis, dig shafts and tunnels, antennae 3, four strong arms
a: Dig, Renounce Religion, Bend Time, Temporal Distortion, Slouch, Step From
Time


You were in the Dungeon.
You worshipped Cheibriados.
Cheibriados was exalted by your worship.
You visited 1 branch You collected 1931 gold pieces.
You spent 845 gold pieces at shops.

Inventory:

Hand Weapons
 j - a +2 vorpal morningstar
 y - a +1 demon whip of flaming (weapon)
 z - a +3 dire flail
Missiles
 m - 6 silver boomerangs
 r - 3 boomerangs
Armour
 a - a +0 pair of gloves (worn)
 c - a +0 buckler (worn)
 f - a +0 pair of boots (worn)
 q - a +0 cloak (worn)
 A - a +2 plate armour (worn)
Jewellery
 b - a +2 ring of evasion (left hand)
 k - a +3 ring of dexterity (right hand)
 v - a ring of fire
 w - a ring of poison resistance
 x - a ring of protection from fire
Wands
 i - a wand of roots (10)
Scrolls
 h - 2 scrolls of amnesia
 n - 5 scrolls of identify
 o - 3 scrolls of butterflies
 p - 2 scrolls of fear
 s - a scroll of acquirement
 C - 2 scrolls of enchant armour
Potions
 d - a potion of resistance
 e - 3 potions of might
 g - 4 potions of magic
 l - a potion of curing
 u - a potion of invisibility
 B - a potion of brilliance


   Skills:
 + Level 19.1 Fighting
 + Level 15.2 Maces & Flails
 + Level 16.5 Armour
 + Level 8.3 Dodging
 + Level 19.4 Shields
 + Level 16.2 Invocations


You had 12 spell levels left.
You didn't know any spells.
Your spell library was empty.

Dungeon Overview and Level Annotations

Branches:
Dungeon (1/1)

Altars:
Cheibriados
Dithmenos
Elyvilon
Fedhas
Gozag
Hepliaklqana
Kikubaaqudgha
Makhleb
Nemelex Xobeh
Okawaru
Qazlal
Ru
Sif Muna
Trog
Uskayaw
Vehumet
Wu Jian
Xom
Yredelemnul
Zin
The Shining One
Jiyva
Lugonu

Shops:
D *(??


Innate Abilities, Weirdness & Mutations

You cannot be hasted, slowed, berserked, paralysed or teleported.
You can dig through walls and to a lower floor.
You have a pair of large antennae on your head. (SInv)
Your four strong arms can wield two-handed weapons with a shield.


Message History

Unknown command.
You feel much better.
The vampire knight hits you with a +3 dire flail!
The vampire knight completely misses you.
The stone giant throws a large rock.
The large rock hits you!!!
* * * LOW HITPOINT WARNING * * *
Unknown command.
You feel much better.
The vampire knight completely misses you.
The vampire knight closely misses you.
The elephant rages.
The vampire knight closely misses you. You block the vampire knight's attack.
You whack the vampire knight! You burn the vampire knight.
The vampire knight is moderately damaged.
The vampire knight misses you. You block the vampire knight's attack.
The stone giant barely misses you.
Unknown command.
Unknown command.
You hit the vampire knight but do no damage.
The vampire knight is moderately damaged.
Activating: Slouch (0% risk of failure)
Press: ? - help, Dir - look around, f - activate You can feel time thicken for a moment.
You kill the spriggan berserker!
Cheibriados thoroughly appreciates the change of pace.
The elephant is no longer berserk.
The elephant disappears in a puff of smoke!
The vampire knight points at you and mumbles some strange words.
You resist with some effort. The stone giant misses you.
The vampire knight draws life force from you!!
* * * LOW HITPOINT WARNING * * *
The vampire knight is healed by the life force!
Unknown command.
Unknown command.
You feel much better.
The vampire knight draws life force from you!!
* * * LOW HITPOINT WARNING * * *
The vampire knight is healed by the life force!
The stone giant hits you!
You die...

▓'▓.▓†▓.▓)▓.▓.▓
{
▓.▓.▓†▓.▓.▓.▓)▓
{
▓?▓.▓.▓.▓.▓.▓)▓
{
▓)▓.▓.▓.▓.▓.▓)▓
{
▓)▓.▓.▓.▓.▓.▓.▓
▓[▓.▓.▓.▓∩▓.▓(▓
{
▓.▓.▓.▓.▓.▓.▓.▓
{
▓[▓.▓.▓.▓∩▓.▓V▓
{
▓.▓.▓.▓.▓.▓.▓@▓
{
▓.▓.▓.▓.▓∩▓.▓C▓
{
▓'▓.▓.▓.▓.▓.▓T▓
{
▓)▓.▓.▓.▓∩▓.▓.▓
{
▓.▓.▓(▓.▓.▓.▓.▓
{
▓.▓.▓'▓.▓.▓.▓.▓
{
▓.▓.▓.▓.▓.▓.▓.▓
▓.▓.▓.▓.▓.▓.▓.▓
▓.▓.▓[▓.▓.▓.▓{


You could see a stone giant, a vampire knight (fast) and a deep troll earth
mage.

Vanquished Creatures
  A fire giant (D)
  A very ugly thing (D)
  An ettin (D)
  Erolcha (D)
  2 hydras (D)
  A catoblepas (D)
  3 centaur warriors (D)
  3 ogre magi (D)
  A two-headed ogre (D)
  3 orc high priests (D)
  A spriggan berserker (D)
  5 deep trolls (D)
  An orc knight (D)
  3 ugly things (D)
  A cyclops (D)
  An orc sorcerer (D)
  A manticore (D)
  2 black mambas (D)
  An elephant (D)
  A yaktaur (D)
  2 rime drakes (D)
  A slime creature (D)
  5 trolls (D)
  A blink frog (D)
  2 dream sheep (D)
  2 wraiths (D)
  5 yaks (D)
  A basilisk (D)
  A warg (D)
  A water moccasin (D)
  10 orc warriors (D)
  2 hell hounds (D)
  6 wolves (D)
  A phantom (D)
  4 bullfrogs (D)
  A wight (D)
  A killer bee (D)
  A jelly (D)
  2 orc priests (D)
  An iguana (D)
  4 orc wizards (D)
  An adder (D)
  5 orcs (D)
  A giant cockroach (D)
  A goblin (D)
  2 hobgoblins (D)
  A frilled lizard (D)
99 creatures vanquished.

Notes
Turn   | Place    | Note
-------+----------+-------------------------------------------
     0 | D        | Groucho the Formicid Fighter began the quest for the Orb.
     0 | D        | Reached XP level 1. HP: 18/18 MP: 1/1
    17 | D        | Reached XP level 2. HP: 21/25 MP: 2/2
   269 | D        | Noticed a water moccasin
   269 | D        | Noticed a phantom
   284 | D        | Reached skill level 5 in Shields
   287 | D        | Reached skill level 5 in Fighting
   287 | D        | Reached skill level 5 in Armour
   287 | D        | Reached XP level 3. HP: 9/33 MP: 3/3
   287 | D        | HP: 1/33 [water moccasin (6)]
   298 | D        | Killed a water moccasin
   299 | D        | Reached skill level 5 in Maces & Flails
   299 | D        | Reached XP level 4. HP: 13/41 MP: 4/4
   299 | D        | Reached XP level 5. HP: 15/47 MP: 5/5
   303 | D        | Killed a phantom
   304 | D        | Reached XP level 6. HP: 7/55 MP: 6/6
   839 | D        | Found a snail-covered altar of Cheibriados.
   839 | D        | Found a shadowy altar of Dithmenos.
   839 | D        | Found a white marble altar of Elyvilon.
   839 | D        | Found a blossoming altar of Fedhas.
   839 | D        | Found an opulent altar of Gozag.
   840 | D        | Found a hazy altar of Hepliaklqana.
   841 | D        | Found a viscous altar of Jiyva.
   842 | D        | Found an ancient bone altar of Kikubaaqudgha.
   843 | D        | Became a worshipper of Cheibriados the Contemplative
   844 | D        | Found a corrupted altar of Lugonu.
   845 | D        | Found a burning altar of Makhleb.
   846 | D        | Found a sparkling altar of Nemelex Xobeh.
   847 | D        | Found an iron altar of Okawaru.
   848 | D        | Found a stormy altar of Qazlal.
   849 | D        | Found a sacrificial altar of Ru.
   850 | D        | Found a shimmering blue altar of Sif Muna.
   851 | D        | Found a bloodstained altar of Trog.
   852 | D        | Found a hide-covered altar of Uskayaw.
   853 | D        | Found a radiant altar of Vehumet.
   854 | D        | Found an ornate altar of the Wu Jian Council.
   855 | D        | Found a shimmering altar of Xom.
   856 | D        | Found a basalt altar of Yredelemnul.
   857 | D        | Found a glowing silver altar of Zin.
   858 | D        | Found a glowing golden altar of the Shining One.
   908 | D        | Noticed a yak
   908 | D        | Noticed a yak
   908 | D        | Noticed a yak
   918 | D        | Reached skill level 1 in Invocations
   923 | D        | Reached * piety under Cheibriados
   929 | D        | Killed a yak
   930 | D        | Reached skill level 10 in Shields
   930 | D        | Reached XP level 7. HP: 47/63 MP: 7/10
   936 | D        | Killed a yak
   937 | D        | Reached skill level 5 in Invocations
   941 | D        | Killed a yak
   941 | D        | Reached ** piety under Cheibriados
   942 | D        | Reached XP level 8. HP: 29/71 MP: 9/12
  1278 | D        | Noticed a wraith
  1278 | D        | Noticed a two-headed ogre
  1278 | D        | Noticed a wraith
  1278 | D        | Noticed a catoblepas
  1278 | D        | Noticed a slime creature
  1278 | D        | Noticed a green ugly thing
  1286 | D        | Killed a wraith
  1300 | D        | Killed a two-headed ogre
  1300 | D        | Reached *** piety under Cheibriados
  1301 | D        | Reached skill level 10 in Fighting
  1301 | D        | Reached skill level 10 in Armour
  1317 | D        | Killed a catoblepas
  1318 | D        | Reached XP level 9. HP: 17/79 MP: 13/15
  1331 | D        | Killed a slime creature
  1332 | D        | Reached skill level 10 in Maces & Flails
  1340 | D        | Killed a green ugly thing
  1340 | D        | Reached **** piety under Cheibriados
  2008 | D        | Noticed a black mamba
  2008 | D        | Noticed a rime drake
  2008 | D        | Noticed a black mamba
  2010 | D        | Noticed a four-headed hydra
  2011 | D        | Reached XP level 10. HP: 81/89 MP: 17/17
  2011 | D        | Killed a black mamba
  2011 | D        | Reached ***** piety under Cheibriados
  2011 | D        | Killed a black mamba
  2012 | D        | Reached skill level 10 in Invocations
  2012 | D        | Killed a rime drake
  2333 | D        | Killed a four-headed hydra
  2646 | D        | Noticed a seven-headed hydra
  2646 | D        | Noticed a rime drake
  2646 | D        | Noticed an elephant
  2649 | D        | Reached skill level 15 in Shields
  2654 | D        | Killed a rime drake
  2655 | D        | Killed a seven-headed hydra
  2655 | D        | Reached ****** piety under Cheibriados
  2656 | D        | Reached XP level 11. HP: 29/101 MP: 3/20
  2658 | D        | Killed an elephant
  2659 | D        | Reached skill level 15 in Fighting
  3102 | D        | Reached skill level 1 in Dodging
  3227 | D        | Noticed an orc high priest
  3227 | D        | Noticed an orc knight
  3249 | D        | Killed an orc high priest
  3258 | D        | Killed an orc knight
  3642 | D        | Noticed an orc sorcerer
  3657 | D        | Noticed a sun demon
  3657 | D        | Killed an orc sorcerer
  3665 | D        | Noticed an orc high priest
  3666 | D        | Noticed an orc high priest
  3667 | D        | Noticed a sun demon
  3669 | D        | Noticed a sixfirhy
  3674 | D        | Killed an orc high priest
  3684 | D        | Killed an orc high priest
  3685 | D        | Reached XP level 12. HP: 72/114 MP: 22/22
  3781 | D        | Found Atsyfiph's General Store.
  3781 | D        | Noticed a deep troll
  3781 | D        | Noticed an ogre mage
  3781 | D        | Noticed an ogre mage
  3781 | D        | Noticed a deep troll
  3786 | D        | Killed a deep troll
  3789 | D        | Noticed a deep troll
  3794 | D        | Killed an ogre mage
  3796 | D        | Killed an ogre mage
  3797 | D        | Reached skill level 15 in Armour
  3797 | D        | Reached skill level 5 in Dodging
  3799 | D        | Noticed an ettin
  3804 | D        | Killed a deep troll
  3807 | D        | Killed a deep troll
  3821 | D        | Killed an ettin
  4245 | D        | Found Qousoib's Antique Weapon Shoppe.
  4249 | D        | Found Owaes's Magic Scroll Emporium.
  4253 | D        | Found Axkaen's Magic Scroll Shoppe.
  4257 | D        | Noticed a deep troll
  4258 | D        | Noticed a deep troll
  4262 | D        | Killed a deep troll
  4266 | D        | Killed a deep troll
  4267 | D        | Reached skill level 15 in Invocations
  4313 | D        | Bought a scroll of acquirement for 676 gold pieces
  4313 | D        | Bought a potion of heal wounds for 65 gold pieces
  4313 | D        | Bought a potion of invisibility for 104 gold pieces
  4413 | D        | Noticed Erolcha
  4419 | D        | Killed Erolcha
  4608 | D        | Noticed a centaur warrior
  4608 | D        | Noticed an ogre mage
  4610 | D        | Killed a centaur warrior
  4611 | D        | Noticed a centaur warrior
  4612 | D        | Noticed a centaur warrior
  4617 | D        | Noticed a red very ugly thing
  4623 | D        | Killed an ogre mage
  4628 | D        | Noticed a fire giant
  4648 | D        | Killed a red very ugly thing
  4649 | D        | Reached XP level 13. HP: 113/124 MP: 24/24
  4649 | D        | Noticed a stone giant
  4666 | D        | Killed a centaur warrior
  4671 | D        | Killed a centaur warrior
  4672 | D        | Reached skill level 15 in Maces & Flails
  4677 | D        | Noticed a vampire knight
  4694 | D        | Killed a fire giant
  4699 | D        | HP: 4/125 [vampire knight/vampiric draining (23)]
  4700 | D        | Mangled by a stone giant

Illustrated notes

Levels and vault maps discovered:
D:        linesprint [early_d, line_temple, items_1, d_10, items_2, lair_1,
          lair_end, items_3, orc_1, orc_end, items_4, d_15, swamp_1, shoals_1,
          snake_1, spider_1, d_20, vaults_1, items_5, swamp_end, shoals_end,
          snake_end, spider_end, vaults_end, d_27, items_6, zot_1, zot_end,
          crypt_end, forest_end, elf_end, slime_end, tomb_end, abyss_end,
          pan_hell_end]

Skill      XL: |  1  2  3  4  5  6  7  8  9 10 11 12 13 |
---------------+----------------------------------------+-----
Fighting       | 5 6 7 8 9 10 11 14 17 18 19 | 19.1
Maces & Flails | 3 5 6 7 8 9 10 12 13 14 15 | 15.2
Armour         | 5 6 7 8 9 10 11 13 14 16 | 16.5
Shields        | 6 7 8 10 11 12 13 15 17 18 19 | 19.4
Invocations    | 4 5 8 9 12 13 15 16 | 16.2
Dodging        | 4 7 8 |  8.3

Action                   |  1- 3 |  4- 6 |  7- 9 | 10-12 | 13-15 || total
-------------------------+-------+-------+-------+-------+-------++-------
Melee: Flail             |    39 |     4 |       |       |       ||    43
       Morningstar       |       |    20 |    52 |   170 |       ||   242
       Demon whip        |       |       |       |    37 |    43 ||    80
Invok: Slouch            |       |       |       |     9 |     1 ||    10
  Use: Potion            |     2 |     2 |     6 |     1 |     3 ||    14
 Stab: Invisible         |       |     3 |       |       |       ||     3
       Petrifying        |       |       |     2 |       |       ||     2
       Petrified         |       |       |     1 |       |       ||     1
Armor: Scale mail        |    16 |       |       |       |       ||    16
       Chain mail        |       |     8 |    15 |    44 |       ||    67
       Plate armour      |       |       |       |     5 |    14 ||    19
Dodge: Dodged            |    13 |    17 |     6 |    84 |    32 ||   152
Block: Buckler           |    10 |     7 |    23 |    93 |    18 ||   151
